 Dungeon Crawl Stone Soup version 0.27.1-4-g1640c2035a (webtiles) character file.

Game seed: 14330495583868373917

2044 bearlyready the Basher (level 9, -3/52 HPs)
             Began as a Kobold Berserker on Nov 17, 2021.
             Was an Elder of Trog.
             Slain by a yak (14 damage)
             ... on level 5 of the Dungeon.
             The game lasted 00:09:16 (7166 turns).

bearlyready the Basher (Kobold Berserker)           Turns: 7166, Time: 00:09:17

Health: -3/52      AC:  7    Str: 15    XL:     9   Next: 48%
Magic:  3/3        EV: 13    Int:  8    God:    Trog [****..]
Gold:   277        SH:  5    Dex: 17    Spells: 8/8 levels left

rFire    . . .     SeeInvis .   z - +2 flail (antimagic)
rCold    + . .     Faith    .   (shield restricted)
rNeg     . . .     Spirit   .   c - +0 ring mail
rPois    .         Reflect  +   o - +0 helmet
rElec    .         Harm     .   B - +0 cloak
rCorr    .         Rampage  .   (no gloves)
Will     .....                  (no boots)
Stlth    ++++......             g - amulet of reflection
HPRegen  0.17/turn              D - ring of protection from cold
MPRegen  0.08/turn              (no ring)

@: on berserk cooldown, slowed, very slow
A: small, no large weapons, nightstalker 3
a: Renounce Religion, Berserk, Trog's Hand, Brothers in Arms


You were on level 5 of the Dungeon.
You worshipped Trog.
Trog was greatly pleased with you.
You visited 1 branch of the dungeon, and saw 5 of its levels.

You collected 277 gold pieces.

Inventory:

Hand Weapons
 a - a +0 mace
 s - a +0 flail of holy wrath
 z - a +2 antimagic flail (weapon)
 A - a +0 morningstar
Missiles
 e - 102 stones
 l - 6 boomerangs
 x - 12 poisoned darts (quivered)
Armour
 b - a +0 animal skin
 c - a +0 ring mail (worn)
 n - a +1 animal skin
 o - a +0 helmet (worn)
 B - a +0 cloak (worn)
Jewellery
 g - an amulet of reflection (around neck)
 D - a ring of protection from cold (left hand)
Wands
 p - a wand of paralysis (12)
 t - a wand of digging (5)
 C - a wand of flame (22)
Scrolls
 d - 3 scrolls of identify {unknown}
 f - a scroll of blinking
 q - 3 scrolls of immolation {unknown}
 u - a scroll of fear {unknown}
 w - a scroll of enchant armour {unknown}
 y - a scroll of teleportation {unknown}
Potions
 h - a potion of berserk rage {unknown}
 i - a potion of attraction {unknown}
 j - 2 potions of curing
 k - a potion of haste {unknown}
 m - 2 potions of mutation {unknown}
 r - a potion of flight {unknown}
 v - 2 potions of lignification {unknown}


   Skills:
 + Level 4.3 Fighting
 + Level 9.0 Maces & Flails
 + Level 4.7 Throwing
 - Level 1.5 Armour
 - Level 2.4 Dodging
 + Level 6.2 Stealth
 + Level 2.8 Evocations


You had 8 spell levels left.
You didn't know any spells.
Your spell library was empty.

Dungeon Overview and Level Annotations

Branches:
Dungeon (5/15)             Temple (0/1) D:4

Altars:
Cheibriados

Shops:
D:4 *


Innate Abilities, Weirdness & Mutations

You are small and have problems with some larger weapons.
You are completely attuned to the shadows.


Message History

You sock the yak!
The yak is moderately wounded.
You block the yak's attack.
You barely miss the yak.
The yak is moderately wounded.
You hit the yak.
The yak is moderately wounded.
The yak barely misses you.
You closely miss the yak.
The yak is moderately wounded.
The yak gores you!
* * * LOW HITPOINT WARNING * * *
You sock the yak!
The yak is severely wounded.
You barely miss the yak.
The yak is severely wounded.
The yak barely misses you.
You hit the yak.
The yak is almost dead.
The yak barely misses you.
You barely miss the yak.
The yak is almost dead.
You thump the yak!
You kill the yak!
Trog accepts your kill.
Your Maces & Flails skill increases to level 9!
You sock the yak!
The yak is moderately wounded.
The yak barely misses you.
You sock the yak!
The yak is heavily wounded.
You are no longer berserk.
You are exhausted.
You feel yourself slow down.
Aiming: Paralyse
Press: ? - help, Shift-Dir - straight line, f - yak
Aim: a yak (heavily wounded, chance to affect: 53%)
The yak resists with significant effort.
The yak gores you!
You die...

#..##.............#..##...
.....................###..
...........#.....†...##...
....#...YY#YY...........#
....###.(.#.....#÷#..#..#
#. #....##s...##)#.###..
##..###<..##.........
##Y########...###... ##@##
#.......... ##.#
##....#.... ##.#
##...###...
#.###.†.######.
###...###.....
#............
#............
#......##....
......##.....


You could see a yak.

Vanquished Creatures
  Sigmund (D:2)
  4 yaks (D:5)
  Edmund (D:4)
  A necrophage (D:5)
  2 black bears
  3 ogres
  A phantom (D:3)
  A water moccasin skeleton (D:4)
  A hound (D:5)
  An orc priest (D:4)
  A centaur skeleton (D:5)
  A bullfrog skeleton (D:4)
  3 iguanas
  2 orc wizards (D:4)
  A hound zombie (D:5)
  A hound skeleton (D:5)
  A mummy (D:4)
  Robin (D:2)
  14 adders
  2 white imps
  A worm (D:2)
  A dart slug (D:5)
  12 orcs
  7 ball pythons
  6 endoplasms
  5 giant cockroaches
  13 goblins
  13 hobgoblins
  15 jackals
  8 kobolds
  A quokka (D:2)
  7 bats
  4 frilled lizards (D:1)
  9 rats
145 creatures vanquished.

Notes
Turn   | Place    | Note
-------+----------+-------------------------------------------
     0 | D:1      | bearlyready the Kobold Berserker began the quest for the
                  | Orb.
     0 | D:1      | Reached XP level 1. HP: 14/14 MP: 1/1
   179 | D:1      | Reached skill level 3 in Maces & Flails
   199 | D:1      | Reached XP level 2. HP: 14/19 MP: 2/2
   596 | D:1      | Found a faded altar of an unknown god.
   630 | D:1      | Reached XP level 3. HP: 22/23 MP: 3/3
   647 | D:1      | Reached ** piety under Trog
   865 | D:1      | Reached skill level 4 in Maces & Flails
  1460 | D:2      | Reached XP level 4. HP: 20/28 MP: 4/4
  1780 | D:2      | Noticed Sigmund
  1788 | D:2      | Killed Sigmund
  1789 | D:2      | Reached skill level 5 in Maces & Flails
  1789 | D:2      | Reached XP level 5. HP: 8/32 MP: 5/5
  1789 | D:2      | Reached XP level 6. HP: 9/37 MP: 6/6
  2151 | D:2      | Noticed Robin
  2169 | D:2      | Killed Robin
  2170 | D:2      | Reached skill level 6 in Maces & Flails
  3383 | D:3      | Reached XP level 7. HP: 41/41 MP: 7/7
  4273 | D:3      | Reached *** piety under Trog
  4463 | D:4      | Noticed Edmund
  4474 | D:4      | Killed Edmund
  4475 | D:4      | Reached skill level 7 in Maces & Flails
  5022 | D:4      | Found a snail-covered altar of Cheibriados.
  5179 | D:4      | Found Itrur's Assorted Antiques.
  5404 | D:4      | Reached skill level 8 in Maces & Flails
  5404 | D:4      | Reached skill level 1 in Throwing
  5404 | D:4      | Reached skill level 1 in Stealth
  5404 | D:4      | Reached XP level 8. HP: 46/46 MP: 8/8
  5956 | D:4      | Found a staircase to the Ecumenical Temple.
  6129 | D:5      | Entered Level 5 of the Dungeon
  6217 | D:5      | Reached **** piety under Trog
  6415 | D:5      | Reached skill level 5 in Stealth
  6415 | D:5      | Reached XP level 9. HP: 51/51 MP: 3/9
  6616 | D:5      | Reached skill level 1 in Evocations
  7164 | D:5      | Reached skill level 9 in Maces & Flails
  7166 | D:5      | Slain by a yak

Illustrated notes

Levels and vault maps discovered:
D:1:      matt_arrival_los_fun, layout_loops_ring,
          shapermc_ecumenical_altar_mp_highgroup, minmay_split_cup_small
D:2:      layout_basic, uniq_robin, uniq_sigmund
D:3:      layout_basic, small_statue_intersection
D:4:      layout_loops_ring, slow_altar_1, minmay_temple_entry_statues,
          serial_shops, shop, hangedman_feature_mirror, uniq_edmund
D:5:      layout_cave_pools, general_overflow_altar

Skill      XL: |  1  2  3  4  5  6  7  8  9 |
---------------+----------------------------+-----
Maces & Flails | 3 4 5 6 8 9 |  9.0
Throwing       | 1 3 4 |  4.7
Stealth        | 1 5 6 |  6.2
Evocations     | 2 |  2.8
Fighting       | 4 |  4.3
Armour         | |  1.5
Dodging        | |  2.4

Action                   |  1- 3 |  4- 6 |  7- 9 || total
-------------------------+-------+-------+-------++-------
Melee: Mace              |   113 |   107 |   202 ||   422
       Flail             |       |       |   130 ||   130
Throw: Dart              |       |       |    14 ||    14
Invok: Berserk           |     1 |     4 |     8 ||    13
Evoke: Wand              |       |       |     5 ||     5
  Use: Scroll            |       |       |     1 ||     1
       Potion            |       |       |     1 ||     1
 Stab: Sleeping          |     5 |     3 |     9 ||    17
Armor: Ring mail         |    33 |    32 |    73 ||   138
       Animal skin       |     2 |       |       ||     2
Dodge: Dodged            |    82 |    66 |   179 ||   327
Block: Other             |    14 |    23 |    72 ||   109
       Reflection        |       |     1 |       ||     1
